[Event "44th Chess Olympiad Open 2022"]
[Site "Chennai"]
[Date "2022.07.30"]
[Round "2.9"]
[White "Bluebaum, Matthias"]
[Black "Keinanen, Toivo"]
[Result "1/2-1/2"]
[WhiteElo "2673"]
[BlackElo "2477"]
[Annotator "TA"]
[PlyCount "89"]
[EventDate "2022.??.??"]
[TimeControl "60"]

1. c4 {[%emt 0:00:04] ChessBase II}
e6 2. Nf3 d5 3. e3 Nf6 4. Nc3 Be7 5. b3 O-O 6. Bb2 c5 {[%emt 0:00:
00] 6...c5 is better than 6...b6.} 7. cxd5 exd5 8. d4 {[%emt 0:00:27] A13: English Opening: 1...e6.} Nc6 9. Be2 Ne4 10. dxc5 {[%emt 0:03:43] White
has an edge.} Bf6 11. Nd4 Nxc5 12. Nxc6 bxc6 13. O-O {[%emt 0:00:29] 
[#]} Bb7 $146 ({Predecessor:} 13... Be6 14. Qc2 Qb6 15. Rac1
Rfd8 16. Ba3 d4 17. Nd5 Rxd5 18. Bxc5 Qa5 19. e4 Rd7 {½-½ (38) Santos Ruiz,M
(2549)-Bailet,P (2466) Brest 2019 CBM 190 Extra [ChessBase II]}) 14. Qc2 Ne6 15. Rfd1 Qe7 16. Bg4 Rfd8 17. Na4 Bxb2 18. Qxb2 c5 19. Rac1 {
[%emt 0:02:06] Threatens to win with Bxe6.} Rac8 20. Qe5 c4 21. Bxe6 {[%emt 0:09:38] White is more
active.} ({White should try} 21. bxc4 $14 Rxc4 22. Rxc4 dxc4 23. Rxd8+ Qxd8 24.
Nc3) 21... fxe6 $11 {[%emt 0:04:50] The position is equal.} 22. bxc4 Rxc4 23. Rxc4 dxc4 {[%emt 0:00:03]
[%cal Rd8d1] [#]} 24. Rxd8+ Qxd8 $14 {[%emt 0:00:00][%cal
Rd8d1] Endgame KQB-KQN} 25. Nc3 {[%emt 0:04:21] Prevents Qd1+.} h6 $1 26. Qxe6+ Kh8 27. h3 Qd2 28. Qxc4 {[%emt 0:04:36] [#] aiming for Qc7.} Qe1+ 29. Kh2 {[%emt 0:00:01] Black must now prevent Qb4.} Qxf2 30. Qe2 Qf6 31. Qe1 Qe5+ 32. Kg1 Bc6 33. e4 Qf4 34. Kh1 a6 35. Qb1 Qg3 36. Qb4 Qf4 {[%emt 0:01:28] Against Qf8+} 37. Qb1 Qg3 38. Qc1 Qd3 {[%emt 0:01:
16] Inhibits Nd5.} 39. Qe1 a5 40. Kh2 Qd4 41. Kg3 Qe5+ 42. Kf3 Qf5+ 43. Kg3 Qe5+ 44. Kf3 Qf5+ 45. Kg3 {
[%emt 0:00:18] Weighted Error Value: White=0.04 (flawless) / Black=0.02 
(flawless)} 1/2-1/2

[Event "44th Chess Olympiad Open 2022"]
[Site "Chennai"]
[Date "2022.07.30"]
[Round "2.9"]
[White "Sklyarov, Dmitry V."]
[Black "Svane, Rasmus"]
[Result "1/2-1/2"]
[WhiteElo "2474"]
[BlackElo "2649"]
[Annotator "TA"]
[PlyCount "69"]
[EventDate "2022.??.??"]
[TimeControl "60"]

1. g3 d5 2. Bg2 e5 3. d3 Nf6 4. Nf3 Bd6 5. O-O O-O 6. Nc3 Nbd7 {[%emt 0:09:50] A00: Irregular Openings.} 7. e4 dxe4 8. Nxe4 Nxe4 {[%emt 0:01:25] The
position is equal.} 9. dxe4 Nc5 {[%emt 0:03:20] [#]} 10. Qe2
$146 ({Predecessor:} 10. Re1 Re8 11. h3 c6 12. Nh4 Qc7 13. a3
a5 14. b3 b5 15. Bb2 Be6 16. Nf5 {1-0 (33) Brankovic,D (2302)-Wagh,S (2210)
Paracin 2022}) 10... a5 11. a4 Qe7 12. Nd2 b6 13. Rd1 Ba6 14. Qg4 Rad8 15. Nf1 Qe6 16. Qxe6 Nxe6 17. Be3 {[%emt 0:00:10] Prevents Nd4.} Bc5 (17... Be7
$15) 18. Bxc5 $11 Nxc5 19. b3 Be2 20. Rxd8 Rxd8 21. Re1 Bxf1 22. Kxf1 $15 {[%emt 0:00:01] Endgame
KRB-KRN} Kf8 23. h4 Rd4 24.
f3 Ke7 (24... Rd2 $5 25. Re2
Rd6 $11) 25. Ke2 Rd6 26. Bh3 Na6 27. Rd1 Rc6 28. Rd7+ Ke8 29. Rd2 {
[%emt 0:03:18] [#] Strongly threatening Bd7+.} Rc3 {[%emt 0:00:00] Hoping for .
..Nb4.} 30. Bg2 Nb4 31. Kd1 f6 32. Rf2 Rc5 33. Bf1 Ke7 $1 34. Bc4 Rc6 35. Rd2 {[%emt 0:03:35] Weighted Error Value: White=0.06 (flawless) /
Black=0.08 (flawless)} 1/2-1/2

[Event "44th Chess Olympiad Open 2022"]
[Site "Chennai"]
[Date "2022.07.30"]
[Round "2.9"]
[White "Koykka, Pekka"]
[Black "Kollars, Dmitrij"]
[Result "0-1"]
[WhiteElo "2361"]
[BlackElo "2648"]
[Annotator "TA"]
[PlyCount "92"]
[EventDate "2022.??.??"]
[TimeControl "60"]

1. Nf3 d5 2. e3 Nf6 3. c4 e6 4. Nc3 Be7 5. b3 O-O 6. Bb2 c5 7. cxd5 Nxd5 8. Be2 Nc6 9. O-O e5 $5 {[%emt 0:04:57] Exploring less charted
territory. A13: English Opening: 1...e6.} 10. Rc1 {[%emt 0:07:31] [#]} Nxc3
$146 ({Predecessor:} 10... f6 11. Nxd5 e4 12. Nxe7+ Qxe7 13.
Ne1 Rd8 14. d3 exd3 15. Nxd3 Bf5 16. Qc2 Nb4 {1-0 (54) Yu,J (2316)
-Pourkashiyan,A (2322) Chess.com INT 2021}) 11. Bxc3 Qd6 {
[%emt 0:05:14] The position is equal.} 12. d4 e4 (12... cxd4 {is more complex.} 13. exd4 e4 14. Nd2 Nxd4 15. Bc4 Bf5) 13.
Ne5 Nxe5 14. dxe5 Qg6 15. Kh1 Rd8 16. Qc2 Bg4 17. f3 exf3 18.
Qxg6 hxg6 19. gxf3 Be6 20. Kg2 a6 21. f4 b5 22. Rfd1 Rxd1 23. Rxd1 b4 24. Be1 a5 25. Bb5 Rb8 (25... a4 $5 26. Bc6 Ra7 27. Bxa4 c4
$15) 26. Bc4 (26. Ba4 $1 $15) 26... Bxc4 $17 27. bxc4 {[%emt 0:00:01] Endgame KRB-KRB} a4 28. Kf3 {[%emt 0:
00:31] [#]} f6 $1 29. Rd7 Kf7 30. exf6 (30. Ra7 $17 {keeps fighting.}) 30... gxf6 $19 31. e4 (31. Ke2 {is a better defense.}) 31...
b3 32. axb3 axb3 33. Rd1 f5 34. Rb1 b2 35. e5 g5 {[%emt 0:01:21] Prevents h4.} 36. Bd2 Kg6 {[%emt 0:03:57] And now ...gxf4 would win.} 37. Ke2 gxf4 38. Bxf4 (38. Be1) 38... Bg5 {[%emt 0:
01:15] Black is clearly winning.} 39. Bg3 Bc1 40. Kd3 Rb3+ 41. Kc2 Rf3 {
[%emt 0:00:41] [#] Threatens to win with ...f4.} 42. e6 f4 43. Bh4 Re3 44. e7 f3 (44... Re2+ $142 45. Kd3 Re3+ 46. Kc2 f3) 45. Bf2 Rxe7 {[%emt 0:00:25] ( -> ...Re2+)} 46. Bxc5 f2 {[%emt 0:00:25] Weighted Error Value: White=0.59/Black=0.04 (flawless)} 0-1

[Event "44th Chess Olympiad Open 2022"]
[Site "Chennai"]
[Date "2022.07.30"]
[Round "2.10"]
[White "Howell, David W L"]
[Black "Goh, Wei Ming Kevin"]
[Result "1-0"]
[WhiteElo "2650"]
[BlackElo "2453"]
[Annotator "ChessBase"]
[PlyCount "127"]
[EventDate "2022.??.??"]
[TimeControl "60"]

1. Nf3 c5 2. c4 Nc6 3. Nc3 g6 4. e3 Nf6 5. d4 cxd4 6. exd4 d5 7. cxd5 Nxd5 8. Qb3 Nxc3 9. Bc4 Nd5 10. Bxd5 e6 11. Bxc6+ bxc6 12. O-O Qd5 13. Bg5 Bg7 14. Rfc1 f6 15. Be3 Bf8 16. Nd2 Be7 17. Rc3 Bd7 18. Qc2 Kf7 19. Ne4 Rhb8 20. b3 Be8 21. f3 a5 22. Nc5 Rb5 23. Rd1 Rd8 24. Rcd3 g5 25. Bf2 Kg7 26. Qe2 Bf7 27. h3 Bf8 28. Kh1 Qf5 29. Na4 Bd6 30. Nc3 Rb7 31. Ne4 Bf8 32. Rc3 Qd5 33. Rdc1 Rb6 34. Rc4 Qb5 35. Nc3 Qa6 36. Qc2 Rb4 37. Rxb4 axb4 38. Na4 Rc8 39. Qe4 Qb5 40. Bg3 Rd8 41. Bc7 Rd5 42. Nb6 Bd6 43. Bxd6 Qxb6 44. Bc5 Qa6 45. Qc2 Rd8 46. Qd2 Qa3 47. Rc2 Rb8 48. Qe1 Qa5 49. Kg1 Qb5 50. Rc4 Qa6 51. Rc2 Qb5 52. Qd2 Qa5 53. a4 Qd8 54. Qe3 Qd5 55. a5 Ra8 56. Bxb4 Qb5 57. Be1 Ra6 58. Rc5 Qb7 59. b4 Ra8 60. Qc3 Ra6 61. Qe3 h6 62. Bc3 Ra8 63. Qe4 Ra6 64. b5 1-0

[Event "44th Chess Olympiad Open 2022"]
[Site "Chennai"]
[Date "2022.07.30"]
[Round "2.10"]
[White "Tin, Jingyao"]
[Black "Adams, Michael"]
[Result "1/2-1/2"]
[WhiteElo "2552"]
[BlackElo "2696"]
[Annotator "TA"]
[PlyCount "99"]
[EventDate "2022.??.??"]
[TimeControl "60"]

1. d4 Nf6 2. c4 e6 3. Nc3 Bb4 4. Qc2 d5 5. a3 Bxc3+ 6. Qxc3 O-O 7. Nf3 Ne4 8. Qc2 b6 9. e3 Bb7 10. Bd3 {[%emt 0:
00:00] [#] E37: Nimzo-Indian: Classical: 4...d5 5 a3 Bxc3+ 6 Qxc3 Ne4.} f5 $146 ({Predecessor:} 10... Nd7 11. cxd5 exd5 12. O-O c5 13. dxc5
Ndxc5 14. b4 Nxd3 15. Qxd3 Rc8 16. Bb2 Qe7 17. Rac1 Nd6 {½-½ (40) Urkedal,F 
(2572)-Anand,V (2767) Chess.com INT 2018}) 11. Ne5 Nc6 12. Nxc6 {[%emt 0:04:42] White is slightly better.} Bxc6 13. O-O dxc4 14. Bxc4 Bd5 15. f3 Nd6 16. Bd3 c5 17. dxc5 Rc8 18. Bd2 Nb7 19. Ba6 (19. b4 $5 ) 19... Rxc5 20. Qd3
{[%emt 0:03:16] Hoping for Bb4.} (20. Bc3 $5 ) 20... Rc7 {
[%emt 0:02:30] [#] Threatens to win with ...Nc5. The position is equal.} 21.
Bb4 {[%emt 0:06:54] This bishop pair is nice.} Nc5 22. Bxc5 bxc5 23. Bc4 Rd7 24. Rac1 Qg5 25. e4 fxe4 26. fxe4 Bxc4 27. Rxf8+ Kxf8 28. Qxc4 $11 {[%emt 0:00:13] Endgame
KQR-KQR} Qe3+ 29. Kh1 Qd4 {[%emt 0:00:00] [#]
( -> ...Qxc4)} 30. h3 Qxc4 31. Rxc4 {[%emt 0:
00:04] KR-KR} Rb7 32. Rxc5 Rxb2 33. Rc8+ Kf7 34. Rc7+ Kf6 35. Rxa7 Re2 36. Ra4 h5 37. h4 g5 38. hxg5+ Kxg5 39. Kh2 e5 40. Rb4 h4 41. a4 Ra2 42. Rb5 Kf4 43.
Rb4 Ra3 44. Rc4 Rb3 45. Rc8 Kxe4 46. a5 Ra3 47. Ra8 Kf5 48.
a6 Kg6 49. a7 {[%emt 0:01:16] And now Rg8+
would win.} Kg7 {[%emt 0:00:12] Inhibits Rg8+.} (49... Kf7 $2 50. Rh8 $18) 50.
Re8 {[%emt 0:00:20] Weighted Error Value: White=0.03 (flawless) / Black=0.02 
(flawless)} 1/2-1/2

[Event "44th Chess Olympiad Open 2022"]
[Site "Chennai"]
[Date "2022.07.30"]
[Round "2.10"]
[White "Haria, Ravi"]
[Black "Gong, Qianyun"]
[Result "1-0"]
[WhiteElo "2505"]
[BlackElo "2275"]
[Annotator "TA"]
[PlyCount "100"]
[EventDate "2022.??.??"]
[TimeControl "60"]

1. e4 e6 2. d4 d5 3. e5 c5 4. c3 Nc6 5. Nf3 Nge7 6. Na3 cxd4 7. cxd4 Nf5 8. Nc2 Qb6 9.
Bd3 {[%emt 0:01:27] 9.Be2 is vanishing. C02: French: Advance Variation.} Bd7 (9... Ncxd4 $2 10. Nfxd4 Nxd4 11. Nxd4 $18) (9...
Nfxd4 $2 10. Ncxd4 Nxd4 11. Nxd4 $18 (11. Qa4+ Nc6 $15)) 10. O-O a5 (10... Nfxd4 $2 11. Nfxd4 Nxe5
12. Be2 $18) 11. Kh1 {[%emt 0:05:33] The position is equal.} Rc8 (11... Nfxd4 $2 12. Ncxd4 Nxd4 13. Be3 $18) 12. Rb1 h6 {
[%emt 0:01:45] [#]} (12... Nfxd4 $2 13. Be3 $16) (12... Ncxd4 13. Nfxd4 Nxd4
14. Be3 Rxc2 15. Qxc2 (15. Bxc2 Bc5 $16) 15... Nxc2 16. Bxb6 $16) 13. a3 $146 ({Predecessor:} 13. Bd2 Be7 14. b4 axb4 15. Nxb4
Nxb4 16. Bxb4 Bxb4 17. a3 Qa7 18. Rxb4 Ne7 19. Qb3 {½-½ (34) Efimenko,Z 
(2649)-Lupulescu,C (2630) Germany 2014}) 13... a4 (13... Nfxd4
$2 14. Be3 $18) (13... Ncxd4 $2 14. Ncxd4 Nxd4 15. Be3 $18) 14. Be2 Na5 15. Bd2 Nb3 16.
Bc3 Bb5 {[%emt 0:01:30] Inhibits Qd3.} 17. g3 g6 18. Kg2 Bc4 19. Bxc4 Rxc4 20. Qd3 Rc6 21. g4 Ne7 22. Ng1 g5 23. Ne2 h5 24. h3 Ng6 $1 25. f4 hxg4 26. hxg4 Qd8 (26... Nxf4+
$17 27. Nxf4 gxf4 28. Rxf4 Qd8) 27. Rh1 Rg8 (
27... Nxf4+ $2 28. Nxf4 Rxh1 29. Nxe6 Rxe6 30. Rxh1 $18) 28. Kf2 gxf4 29. Rh5 Rc4 30.
Rbh1 Be7 31. Ke1 b5 (31... Rf8 $17) 32. Kd1 Kd7 33. Qf3 Bg5 34. Nb4 Kc8 $36
{[%emt 0:00:57] Black is in control.} 35. Nd3 (35. Qf2 $17 {
was worth a try.}) 35... Nh4 ({Black should try} 35... f6 $1
$19 {...fxe5 is the strong threat.} 36. R1h3 fxe5 37. dxe5 Be7) 36. Qf2 $17 f3 37. Ng1 (37.
Nec1 $17 {is the only way for White.}) 37... Ng2 $2 (37... b4
$1 $19 38. Nxb4 Qc7) 38. Nxf3 (38. Qxf3 $11
Ne3+ 39. Ke2) 38... Ne3+ 39. Ke2 Nxg4 40. Qg3 {[%emt 0:01:01] [#]} Be3 (40... Be7
$142 $1 {[%cal Yb5b4] White must now prevent ...b4!} 41. Qf4 f5 42. exf6 Nxf6)
41. R1h4 {[%emt 0:14:30] [#]} Bxd4 $1 42. Rxg4 $14 {[%emt 0:
03:03] The board is on fire.} Rxg4 43. Qxg4 Bxc3 (43... Bxe5 $1 $14 44. Qg1 Bxc3 45. bxc3 Kb7) 44. Qg7 $18
{[%emt 0:01:58] aiming for Rh8.} Qd7 $2 (44... Kb7) 45. Rh8+ ({Weaker is} 45. bxc3 Rxc3 46. Rh8+ (46. Rh7 Kb7 $16) 46... Kb7
$18) 45... Kb7 {[%emt 0:00:03] And now ...Nd4+ would win.} 46. Qf8 ({Don't take} 46. bxc3 Rxc3 47. Rf8 Rc7 $18) (46. Rf8 $142 Rc7 47. bxc3)
46... d4 $2 (46... Rc8 $18 47. Qxc8+ Qxc8 48. Rxc8 Kxc8) 47.
Qa8+ {[%emt 0:03:02] White mates.} Kc7 48. bxc3 dxc3 49. Qb8+ Kc6 50.
Rc8+ Kd5 {[%emt 0:00:26] Weighted Error Value: White=0.21 
(precise) /Black=0.54} 1-0

[Event "44th Chess Olympiad Open 2022"]
[Site "Chennai"]
[Date "2022.07.30"]
[Round "2.10"]
[White "Siddharth, Jagadeesh"]
[Black "Jones, Gawain C B"]
[Result "1/2-1/2"]
[WhiteElo "2426"]
[BlackElo "2652"]
[Annotator "TA"]
[PlyCount "112"]
[EventDate "2022.??.??"]
[TimeControl "60"]

1.
d4 Nf6 2. c4 e6 3. Nf3 d5 4. Nc3 Nbd7 5. Bg5 h6 6. Bh4 Be7 7. e3 O-O 8. Rc1 c5 {[%emt 0:04:29] D63: Queen's Gambit Declined: Classical: 7
Rc1.} 9. cxd5 (9. dxc5 {keeps more tension.} Nxc5 10. cxd5 g5
11. d6) 9... Nxd5 {[%emt 0:00:28] The position is equal.} 10. Bxe7 Nxe7 11. Bb5 cxd4 12.
Qxd4 {[%emt 0:00:28] 12.Nxd4 is not played anymore.} Nf6 13.
O-O Qxd4 14. Nxd4 Rd8 15. Rfd1 Bd7 16. Be2 {
[%emt 0:00:08] [#]} Rab8 $146 ({Predecessor:} 16... Rac8 17.
Nf3 Bc6 18. Nd4 Bd7 19. Nf3 {½-½ (19) Eljanov,P (2707)-Gelfand,B (2719)
Palma de Mallorca 2017}) 17. Bf3 g5 18. h3 Kg7 19. Ne4 Nxe4 20. Bxe4 e5 21. Nb3 (
21. Nf3 {with more complications.} Kf6 22. Rc7 Be6 23. Rxd8 Rxd8 24. Bxb7 Bxa2
25. Nxe5 Kxe5 26. Rxe7+ Kf6 27. Re4) 21... Bc6 22. Bxc6 Nxc6 23. Nc5 Rxd1+ 24. Rxd1 Rd8 {[%emt 0:00:06] Inhibits Rd6.} 25. Rxd8 Nxd8 $11 {[%emt 0:00:08] Endgame KN-KN} 26. g4 Kg6 27. Kf1 f5 28. gxf5+ Kxf5 29. f3 b6 30. Ne4 Nc6 31. Ke2 Ke6 32. a3 Ne7 33. Ng3 Nf5 34. Ne4 Nd6 {[%emt 0:05:37] [#] .
..Nxe4 is the strong threat.} 35. Kd3 Nxe4 36. Kxe4 {[%emt 0:00:22] KP-KP} h5 37. f4 exf4 38. exf4 Kf6 39. fxg5+ Kxg5 {[%emt 0:00:03] [#] Threatens to win with ...Kh4. K3P-K3P
} 40. Kf3 $1 Kh4 41. Kg2 b5 42. b4 Kg5 {[%emt 0:06:17] ( -> ...Kf4)} 43.
Kg3 Kf5 44. Kh4 Kg6 45. Kg3 Kg5 46. Kf3 Kf5 (46... Kh4 $5 47. Kg2 a6 $11) 47. Kg3 Kg5 48. Kf3 Kh4 49. Kg2 a6 50. Kh2 Kg5 51. Kg3 h4+ 52. Kf3 Kf5 53. Ke3 Ke5 54. Kf3 $1 {
[%emt 0:00:00] White threatens Kg4 and mate.} Kf5 55. Ke3 Ke5 56. Kf3 $1 {[%emt 0:00:00] Threatening
mate with Kg4.} Kf5 {[%emt 0:00:54] An even fight not without its subleties.
Weighted Error Value: White=0.02 (flawless) / Black=0.01 (flawless)} 1/2-1/2

[Event "44th Chess Olympiad Open 2022"]
[Site "Chennai"]
[Date "2022.07.30"]
[Round "2.11"]
[White "Gukesh D"]
[Black "Kiik, Kalle"]
[Result "1-0"]
[WhiteElo "2684"]
[BlackElo "2365"]
[Annotator "TA"]
[PlyCount "77"]
[EventDate "2022.??.??"]
[TimeControl "60"]

1. e4 c5 2. Nf3 Nc6 3. Nc3 a6 4. d4 cxd4 5. Nxd4 e5 6. Nf5 d6 7. Bc4 Nf6 8. Bg5 Bxf5 9. exf5 Be7 {[%emt 0:
00:00] B90: Sicilian Najdorf: Unusual White 6th moves, 6 Be3 Ng4 and 6 Be3 e5.}
10. O-O Rc8 11. Bxf6 {[%emt 0:00:46] White
is more active.} Bxf6 {[%emt 0:01:52] White is better.} 12. Bd5 O-O {[%emt 0:07:37] [#]} 13. Qd3 $146 ({Predecessor:} 13.
Ne4 Nd4 14. c3 Nxf5 15. Bxb7 Rb8 16. Bxa6 Rxb2 17. Bc4 Rb6 18. a4 Rc6 19. Bd5 {
1-0 (35) Schoppen,C (2309)-Warnault,P (1918) Lille 2016}) 13... Qb6 14. Bb3 Ne7 15. Rad1 Rfd8 16. Qe4 {[%emt 0:02:21] Against d5} ({But not
} 16. Nd5 Nxd5 17. Qxd5 Rd7 $11) 16... d5 17. Nxd5 Nxd5 18. Rxd5 Rxd5 19. Qxd5 Qc7 20. Qd3 Rd8 21. Bd5 Qc5 22. Rd1 b5 23. a3 Qd4 24. c3 Qxd3 25. Rxd3 $16 {[%emt 0:00:03] Endgame
KRB-KRB} Kf8 26. Kf1 Bg5 27.
Rd1 {[%emt 0:07:33][%cal Yd3d1,Yd1c1,Yc1c4] Against Bc1} Bc1 28. Rxc1 Rxd5 {[%emt 0:00:04] KR-KR} 29. Ke2 {[%emt 0:00:20]
Inhibits Rd2+.} Ke7 30. c4 bxc4 31. Rxc4 a5 32. g4 Kf6 33. h4 Rd6 (33... Rb5 $16)
34. b4 $18 axb4 35. axb4 {[%emt 0:00:01]
Black must now prevent b5.} ({Don't play} 35. Rxb4 $6 Ra6 $16) 35... Ra6 $2 {
[%emt 0:00:26] [#]} (35... Rb6 36. Kd3 h5) 36. Ke3 (36. b5
$142 Ra7 37. Kd3) 36... Ra2 (36... Rb6 {might work better.}
37. Ke4 Rb5 38. g5+ Ke7 39. Rc7+ Kf8) 37. Rc6+ Ke7 38. Rb6 Rb2 39. g5 {[%emt 0:00:16]
Weighted Error Value: White=0.12 (very precise) /Black=0.28 (precise)} 1-0

[Event "44th Chess Olympiad Open 2022"]
[Site "Chennai"]
[Date "2022.07.30"]
[Round "2.11"]
[White "Adhiban, B..."]
[Black "Volodin, Aleksandr"]
[Result "1-0"]
[WhiteElo "2598"]
[BlackElo "2454"]
[Annotator "TA"]
[PlyCount "81"]
[EventDate "2022.??.??"]
[TimeControl "60"]

1. d4 d5 2.
c4 c6 3. Nf3 Nf6 4. Nc3 e6 5. g3 dxc4 6. Bg2 Be7 7. Ne5 O-O 8. O-O Nbd7 9. Nxc4 Nd5 10. e4 Nxc3 11. bxc3 b5
{[%emt 0:00:46] E06: Closed Catalan: Early deviations.} 12. Ne3 Bb7 ({Better is} 12... c5 $11) 13. a4 (13.
Rb1 $14) 13... a6 {[%emt 0:11:14] [#] The position is equal.} 14. e5 $146 ({Predecessor:} 14. Qb3 Qc7 15. Bd2 Nb6 16. a5 Nd7 17. c4 Nf6
18. Rfc1 Qd7 19. Rd1 Rad8 20. Bc3 {1-0 (64) Egesa,E (1898)-Omara,H Kampala 2019
}) 14... Nb6 $1 15. a5 Nd5 (
15... Na4 $1 $11) 16. Nxd5 cxd5 17. Qg4 Kh8 18. Bd2 Rc8 19. Rfb1 Bc6 20. Bf1 Be8 21. Bd3 Rc6 22. Re1 Qc8 23. Qh3 {[%emt 0:00:00][%csl Gd3][%cal
Rh3h7] [#]} g6 $1 24. Qh6 {[%emt 0:00:00] White threatens Bg5
and mate.} Kg8 25. h4 f5 (25... f6 {seems wilder.} 26. h5 f5 27. g4 gxh5 28. gxh5
Kh8) 26. exf6 Bxf6 27. Qe3 Bf7 28. h5 Bg7 29. h6 Bh8 30. Qe2 Qd7 (30... b4 $2 31. Bf4 Bf6 32. Be5 $18) 31. Bf4 Qe7 (31... Rxc3 $2 32. Be5 Be8 33. Bxh8 Kxh8 34. Qe5+ Kg8 35.
Rac1 Rxc1 36. Rxc1 $18) 32. Bd2 Rfc8 33. Kg2 Bf6 34. Qg4 Qd8 35. Re2 Rd6 36. Rae1 Qd7 {[%emt 0:02:26] [#]} (36... Rdc6 $14) 37. Re3 $1 $16 {[%emt 0:02:24] White
is more active.} Rf8 (37... Re8 $16) 38. Rf3 $18 Be8 39. Bg5 Qd8 (39...
Be7 40. Bxe7 Qxe7 41. Rxf8+ Qxf8) 40. Rxf6 Rxf6 41. Qh4 {[%emt 0:30:13] Weighted Error Value: White=0.08 (flawless) /
Black=0.19 (very precise)} 1-0

[Event "44th Chess Olympiad Open 2022"]
[Site "Chennai"]
[Date "2022.07.30"]
[Round "2.11"]
[White "Chukavin, Kirill"]
[Black "Praggnanandhaa R"]
[Result "0-1"]
[WhiteElo "2418"]
[BlackElo "2648"]
[Annotator "TA"]
[PlyCount "82"]
[EventDate "2022.??.??"]
[TimeControl "60"]

1. e4 c5 2. Nf3 Nc6 3. d4 cxd4 4.
Nxd4 Nf6 5. Nc3 d6 6. g3 g6 7. Nde2 Bg7 8. Bg2 Bd7 9. h3 Qc8 10. Nf4 {[%emt 0:05:52] B70: Sicilian Dragon: 6
g3 and 6 Be2 (without a later Be3).} h5 11. Nfd5 Nxd5 12. Nxd5 {[%emt 0:01:27] The position is equal.} b5 13. c3 O-O 14. Bg5 Re8 {[%emt 0:02:14] [#]} 15. Kf1 $146 ({Predecessor:} 
15. Rc1 Rb8 16. Qd2 Be6 17. b3 Qd7 18. Nf4 a5 19. O-O a4 20. Nxe6 Qxe6 21. f4
axb3 {0-1 (41) Beck,F (2284)-Likavsky,T (2498) Pardubice 2006}) 15... Be6 16. Kg1 b4 17.
cxb4 Bxd5 18. Qxd5 (18. exd5
$11 {should be considered.} Nxb4 19. g4) 18... Nxb4 $15 19.
Qd2 Rb8 20. Rc1 {[%emt 0:03:09] Prevents Qc2.
} Qa6 21. a3 Nc6 22. Bf1 Qb7 23. b4 Nd4 {[%emt 0:03:40] [#] ...Nf3+ is the strong threat.} 24. Qd3 {[%emt 0:
02:11] Against Nf3+} a5 25. Be3 {[%emt 0:00:00] A strong pair
of Bishops.} Nf3+ 26. Kg2 Ne5 27. Qb1 (27. Qd5 $1 $11 Qxd5 28. exd5 axb4 29. a4) 27...
axb4 $17 28. a4 {[%emt 0:00:08] Now
White is beyond hope.} (28. axb4 $17 Qxb4 29. Be2) 28... b3 $19 {[%emt 0:03:55]
And now ...b2 would win.} 29. Bb5 b2 30. Rcd1 Nc6 {[%emt 0:00:59] Inhibits Bd4.} 31. Rhe1 Rec8 32. Re2 Na7 33. Bxa7 Qxa7 34. Rc2 Rc5 35. Rdd2 Rbc8 36. h4 Qa8 {[%emt 0:00:00] [#] aiming for ...Rxc2.}
37. f3 (37. Kh2 {keeps fighting.}) 37... Qa5 {[%emt 0:00:22] 
( -> ...Rxc2)} 38. Re2 Rxc2 {[%emt 0:01:21] Black mates.} 39.
Rxc2 Rxc2+ 40. Qxc2 Qe1 41. Bd3 Bd4 {[%emt 0:30:18] Weighted Error
Value: White=0.57/Black=0.06 (flawless)} 0-1

[Event "44th Chess Olympiad Open 2022"]
[Site "Chennai"]
[Date "2022.07.30"]
[Round "2.11"]
[White "Shishkov, Andrei"]
[Black "Sadhwani, Raunak"]
[Result "0-1"]
[WhiteElo "2366"]
[BlackElo "2611"]
[Annotator "TA"]
[PlyCount "118"]
[EventDate "2022.??.??"]
[TimeControl "60"]

1. d4 f5 2. g3 Nf6 3. Bg2 g6 4. Nh3 Bg7 5. b3 {[%emt 0:00:15][%cal Yb2b3,Yb3b4,Yb4b5] [#]}
c5 $146 ({Predecessor:} 5... O-O 6. Bb2 d6 7. c4 c6 8. d5 e5
9. dxe6 Na6 10. Nc3 Qe7 11. O-O Bxe6 12. Ng5 Bd7 13. Qc2 Nc5 14. Rad1 Rad8 15.
e3 Ng4 16. Nf3 Ne4 17. Nxe4 fxe4 18. Bxg7 exf3 19. Bxf8 Rxf8 20. Bh1 Ne5 21.
Rd4 c5 {½-½ (34) Dronov,A (2675)-Schramm,A (2521) ICCF email 2019}) 6. dxc5 {
[%emt 0:00:34] A81: Dutch Defence: 2 g3.} Qa5+ 7. c3 Qxc5 8. O-O {[%emt 0:08:10] White is slightly better.}
Nc6 9. Ba3 (9. b4 $5 Qb6 10.
Nf4 $14) 9... Qa5 10. b4 Qc7 11. Qb3 e6 12. Nd2 d5 13. b5 Na5 14. Qa4 {[%emt 0:
08:21] Threatens to win with b6+.} (14. Qb4 Ne4 15. Bxe4 (15. b6 $2 axb6 16.
Bxe4 fxe4 $19) 15... fxe4) 14... Bd7 15. Rac1 Ne4 $2 (15... a6 $11) 16. Bxe4 ({And not} 16.
Nxe4 fxe4 17. c4 Nxc4 $15) 16... dxe4 17. Ng5 ({White should play} 17. c4 $16) 17... b6 ({Black should try} 
17... Bh6 $14 18. h4 e3) 18. Qb4 (18. Rfd1 $16) 18... Bf8 $14 19. Qd4 e5 20. Qd5 O-O-O 21. Bb4 Be8 {[%emt 0:04:06] Against Nf7. Really sharp!} 22. Qa8+ Qb8 (22... Kd7 $5 23. Qd5+ Kc8 24. Qa8+ Kd7 25. Qd5+ Kc8 $11) 23.
Qxb8+ Kxb8 24. Bxf8 Rxf8 25. Ne6 Rxd2 26. Nxf8 Bxb5 27. Rfd1 (27. c4 $14
Bxc4 28. Rfd1 Rxd1+ 29. Rxd1) 27... Rxa2 {[%emt 0:00:00] And now ...Nb3 would
win.} 28. Nd7+ (28. e3 $11) 28... Kc8 $1 $17 29. Nxe5 Nb3 30. Rb1 Bxe2 31. Re1 (31. Rd6 $1 $11 {remains equal.})
31... Nc5 $36 {[%emt 0:00:34] Strongly threatening ...Nd3. Black has strong
initiative. Black is more active.} 32. Ra1 Rxa1 33. Rxa1 {[%emt 0:00:01] Endgame KRN-KBN} a5 34. Nc6 (34. f4 $17) 34... Nb3 $19 35. Ra3 Bc4 36. Ne5 Be6 37.
f3 Kc7 $1 38. fxe4 fxe4 {
[%emt 0:00:05] ...Nc5 is the strong threat.} 39. Kf2 (39. Ng4
$17) 39... Nc5 40. Ke3 Kd6 41. Kd4 b5 42. h3 (42. c4 b4
43. Rxa5 Nb3+ 44. Kxe4 Bf5+ 45. Kf4 Nxa5 $19) 42... a4 $1 43.
Ng4 Bf5 44. Nf6 $2 (44. Nf2
{was the crucial defense.}) 44... Nb3+ $1 45. Ke3 Ke5 $1 46. Nxh7 Na5 {[%emt 0:00:07]
aiming for ...Nc4+.} 47. Ra1 Nc4+ 48. Kf2 Bxh3 {[%emt 0:00:00] Hoping for ...Bg4.} 49. Rb1 (49. g4 {keeps fighting.} Bxg4 50. Kg3) 49... e3+ 50. Ke1 Bd7 (50... Na3 51. Rb2 Kd5) 51. Nf8 {[%emt 0:
00:00] [#]} Be8 {[%emt 0:00:00] White must now prevent ...Nd2.} 52. Nxg6+ $2 (52. Ke2) 52... Bxg6 53. Rxb5+ {[%emt 0:00:02]
[#]} Ke4 $1 54. Rb4 Kd3 55.
Rxa4 Bh5 56. Ra7 Ne5 {
[%emt 0:00:18] ( -> ...Be2)} 57. Re7 Nf3+ 58.
Kf1 Bg4 59. Re8 Bh3# {[%emt 0:00:03] Never resign too early! Weighted Error Value: White=0.58/
Black=0.19 (very precise)} 0-1